 Dungeon Crawl Stone Soup version 0.30-b1-2-g02819fbbbe (webtiles) character file.

Game seed: 8713534607382767945

9359 redmage the Zephyrmancer (level 12, -3/81 HPs)
             Began as a Meteoran Earth Elementalist on Aug 9, 2023.
             Was an Elder of Cheibriados.
             Slain by a seven-headed hydra simulacrum (9 damage)
             ... in a Gauntlet.
             The game lasted 00:56:47 (2892 turns).

redmage the Zephyrmancer (MeEE)                     Turns: 2892, Time: 00:56:47

Health: -3/81      AC:  8    Str: 23    XL:     12   Next: 3%
Magic:  26/29      EV: 13    Int: 31    God:    Cheibriados [****..]
Gold:   223        SH:  0    Dex: 26    Spells: 2/21 levels left

rFire   . . .        D - +8 spear of Qetz {chaos, Fly rC+ Str+3}
rCold   + . .        (no shield)
rNeg    . . .        j - +0 troll leather armour {Pargi}
rPois   .            q - +1 helmet
rElec   .            (no cloak)
rCorr   .            H - +0 pair of gloves
SInv    .            y - +0 pair of boots
Will    +....        (no amulet)
Stlth   +            a - ring of magical power
HPRegen 1.13/turn    G - ring of wizardry
MPRegen 0.21/turn

%: no teleportation, wizardry (x1)
@: flying, glowing, studying Conjurations, very slow
A: sense surroundings 2, otherworldly, glowing, explore regen
a: Renounce Religion, Bend Time, Temporal Distortion, Slouch


You were in a Gauntlet.
You worshipped Cheibriados.
Cheibriados was greatly pleased with you.
You visited 4 branches of the dungeon, and saw 14 of its levels.
You also visited: Sewer and Gauntlet.

You collected 415 gold pieces.
You spent 192 gold pieces at shops.

Inventory:

Hand Weapons
 i - a +2 flail of protection
 D - the +8 spear of Qetz (weapon) {chaos, Fly rC+ Str+3}
   (You took it off a kobold on level 9 of the Dungeon)

   Str:       It affects your strength (+3).
   rC:        It protects you from cold.
   Fly:       It grants you flight.
   Cheibriados disapproves of the use of such an item.
Missiles
 l - 30 poisoned darts (quivered)
 v - 6 curare-tipped darts
 C - a throwing net
Armour
 j - a +0 troll leather armour (worn) {Pargi}
 q - a +1 helmet (worn)
 y - a +0 pair of boots (worn)
 H - a +0 pair of gloves (worn)
 I - +0 acid dragon scales
Jewellery
 a - a ring of magical power (left hand)
 E - a ring of see invisible
 G - a ring of wizardry (right hand)
Wands
 k - a wand of charming (9)
 r - a wand of iceblast (2)
Scrolls
 c - 2 scrolls of enchant armour
 f - 2 scrolls of amnesia {unknown}
 g - 2 scrolls of teleportation
 m - 2 scrolls of immolation {unknown}
 o - a scroll of enchant weapon {unknown}
 s - a scroll of torment {unknown}
 u - a scroll of fear {unknown}
 w - 2 scrolls of fog {unknown}
 x - 2 scrolls of magic mapping
 B - 2 scrolls of poison
 F - a scroll of vulnerability
Potions
 b - a potion of magic
 d - 3 potions of brilliance
 e - a potion of cancellation
 h - a potion of might
 n - 7 potions of heal wounds
 p - 3 potions of flight
 t - 2 potions of curing
 A - 2 potions of lignification


   Skills:
 - Level 2.4 Dodging
 - Level 1.4 Stealth
 * Level 2.7 Unarmed Combat
 - Level 5.0 Spellcasting
 - Level 6.0 Conjurations
 - Level 5.0 Translocations
 + Level 12.0 Transmutations
 + Level 12.9 Air Magic
 - Level 7.0 Earth Magic


You had 2 spell levels left.
You knew the following spells:

 Your Spells              Type           Power      Damage    Failure   Level
a - Sandblast             Erth           100%       2d20      1%          1
b - Passwall              Tmut/Erth      50%        N/A       1%          2
c - Stone Arrow           Conj/Erth      96%        3d13      1%          3
d - Blink                 Tloc           76%        N/A       1%          2
e - Manifold Assault      Tloc           38%        N/A       3%          4
w - Storm Form            Tmut/Air       35%        N/A       12%         7

Your spell library contained the following spells:

 Spells                   Type           Power      Damage    Failure   Level
 Petrify                  Tmut/Erth      61%        N/A       1%          4


Dungeon Overview and Level Annotations

Branches:
Dungeon (11/15) Zot: 6360  Temple (1/1) D:6 Zot: 874    Lair (1/5) D:11 Zot: 834
    Orc (1/2) D:9 Zot: 896   Sewer (visited)         Gauntlet (1/1) Zot: 695

Altars:
Ashenzari
Cheibriados
Dithmenos
Elyvilon
Fedhas
Makhleb
Nemelex Xobeh
Okawaru
Qazlal
Sif Muna
Trog
Uskayaw
Xom
Zin
The Shining One

Shops:
D:9 [:*[:

Annotations:
D:10 3 runed translucent doors Gauntlet 11 transporters


Innate Abilities, Weirdness & Mutations

You passively map the area around you.
You are easily found by Zot.
You glow in the dark.
You regain HP and MP as you explore.


Message History

The seven-headed hydra simulacrum bites you.
The seven-headed hydra simulacrum freezes you!
You resist.
The seven-headed hydra simulacrum barely misses you.
The seven-headed hydra simulacrum closely misses you. x2
The centaur warrior simulacrum hits you but does no damage.
The centaur warrior simulacrum kicks you.
The centaur warrior simulacrum freezes you!
You resist.
Unknown command.
Unknown command.
Okay, then.
Unknown command.
Unknown command.
Unknown command.
Unknown command.
Unknown command.
Okay, then.
Unknown command.
Unknown command.
Casting: Stone Arrow (safe; 1% risk of failure)
Confirm with . or Enter, or press ? or * to list all spells.
Aiming: Stone Arrow (safe; 1% risk of failure)
Press: ? - help, Shift-Dir - straight line, f - centaur warrior simulacrum
Aim: a centaur warrior simulacrum (98% to hit)
The stone arrow hits the centaur warrior simulacrum!!
The centaur warrior simulacrum is almost destroyed.
The centaur warrior simulacrum completely misses you.
The centaur warrior simulacrum kicks you but does no damage.
The seven-headed hydra simulacrum bites you but does no damage. x2
The seven-headed hydra simulacrum bites you.
The seven-headed hydra simulacrum freezes you!
You resist.
* * * LOW HITPOINT WARNING * * *
The seven-headed hydra simulacrum bites you but does no damage.
The seven-headed hydra simulacrum bites you!
* * * LOW HITPOINT WARNING * * *
The seven-headed hydra simulacrum freezes you!
You resist.
You die...

##...#...##Z##Z#...#######
#≈.∩.#.#.##..#Z#...#YYYY.p
##.§.###....##=#####.####.
#§...#Z..##.##)#...#.#...#
##.8§###.#....©#©.©#.#.©p#
#≈...###...###.#...#Y#..Y#
##...#ZZ###.##[#####Yp####
#≈.∩.###Z##..#.#...#YYY...
##...####@Z.#..#...#######
#§...###########..........
##§....................8..
##.8.....8.....8.........
#≈...............########
##§..#########...#B......
#§...#Bss....#...#..#####
##...###.###$#####.##.ZZ.
#≈...##.^.#..#...#.#.####


You could see an entropy weaver, 2 redbacks, a seven-headed hydra simulacrum, a
wolf spider simulacrum and 2 centaur warrior simulacra.

Vanquished Creatures
  2 two-headed ogres
  2 unseen horror zombies (D:9)
  Psyche (D:9)
  A kobold demonologist (D:11)
  A polar bear (Lair:1)
  2 trolls
  A shadow (D:11)
  A basilisk (Lair:1)
  14 yaks
  A wyvern (D:8)
  2 steam dragons (D:9)
  2 acid dragons
  Menkaure (D:7)
  A water moccasin (D:5)
  Duvessa (D:5)
  Pargi (D:3)
  2 sky beasts (D:9)
  2 ice beasts
  2 black bears
  2 orc warriors
  3 centaurs
  A phantom (D:5)
  6 kobold brigands
  3 bullfrogs
  A scorpion (D:6)
  3 wights (D:8)
  Dowan (D:5)
  6 howler monkeys
  3 centaur zombies (D:9)
  2 jellies (D:8)
  A hound (D:6)
  3 orc priests
  A sleepcap (D:5)
  6 iguanas
  2 gnoll boudas (D:8)
  Ijyb (D:5)
  6 orc wizards
  2 howler monkey zombies (D:9)
  Robin (D:4)
  9 gnolls
  3 river rats (Sewer)
  11 adders
  A shadow imp (D:8)
  An ufetubus (D:5)
  28 orcs
  A bat (D:2)
  2 endoplasms (D:4)
  14 goblins
  4 hobgoblins
  2 jackals (Sewer)
  4 quokkas
  5 ball pythons
  6 frilled lizards
  20 kobolds
  5 rats
210 creatures vanquished.

Vanquished Creatures (others)
  2 fungi
  16 plants
18 creatures vanquished.

Grand Total: 228 creatures vanquished

Notes
Turn   | Place    | Note
-------+----------+-------------------------------------------
     0 | D:1      | redmage the Meteoran Earth Elementalist began the quest for
                  | the Orb.
     0 | D:1      | Reached XP level 1. HP: 14/14 MP: 5/5
   135 | D:2      | Reached XP level 2. HP: 14/20 MP: 5/7
   141 | D:2      | Learned a level 2 spell: Passwall
   151 | D:2      | Found a white marble altar of Elyvilon.
   260 | D:3      | Reached XP level 3. HP: 16/26 MP: 5/8
   307 | D:4      | Reached skill level 5 in Earth Magic
   307 | D:4      | Reached XP level 4. HP: 33/33 MP: 4/9
   345 | D:4      | Learned a level 3 spell: Stone Arrow
   372 | D:3      | Reached skill level 1 in Conjurations
   372 | D:3      | Noticed Pargi
   384 | D:3      | Killed Pargi
   385 | D:3      | Reached XP level 5. HP: 23/38 MP: 0/10
   385 | D:3      | Reached XP level 6. HP: 27/45 MP: 0/11
   416 | D:5      | Entered Level 5 of the Dungeon
   417 | D:5      | Noticed a water moccasin
   428 | D:4      | Found a shadowy altar of Dithmenos.
   484 | D:5      | Reached XP level 7. HP: 50/50 MP: 6/12
   512 | D:5      | Found a glowing drain.
   523 | Sewer    | Entered a sewer
   578 | Sewer    | Reached skill level 5 in Conjurations
   682 | Sewer    | Learned a level 2 spell: Blink
   813 | Sewer    | Reached skill level 1 in Translocations
   877 | D:5      | Killed a water moccasin
   911 | D:4      | Noticed Robin
   916 | D:4      | Reached XP level 8. HP: 57/57 MP: 9/13
   958 | D:4      | Killed Robin
  1070 | D:5      | Noticed Ijyb
  1076 | D:5      | Killed Ijyb
  1166 | D:5      | Noticed Dowan
  1168 | D:5      | Killed Dowan
  1168 | D:5      | Noticed Duvessa
  1185 | D:5      | Killed Duvessa
  1186 | D:5      | Reached skill level 5 in Transmutations
  1360 | D:6      | Gained mutation: You passively map the area around you.
                  | [Meteoran growth]
  1360 | D:6      | Reached XP level 9. HP: 55/62 MP: 16/16
  1391 | D:6      | Found a staircase to the Ecumenical Temple.
  1397 | Temple   | Entered the Ecumenical Temple
  1406 | Temple   | Became a worshipper of Cheibriados the Contemplative
  1429 | D:6      | Found a glowing golden altar of the Shining One.
  1447 | D:6      | Learned a level 7 spell: Storm Form
  1460 | D:6      | Reached skill level 1 in Air Magic
  1518 | D:8      | Reached skill level 5 in Translocations
  1534 | D:7      | Noticed Menkaure
  1536 | D:7      | Killed Menkaure
  1537 | D:7      | Reached skill level 5 in Spellcasting
  1561 | D:9      | Found Piefamol's General Store.
  1666 | D:8      | Reached * piety under Cheibriados
  1740 | D:9      | Noticed Psyche
  1748 | D:9      | Killed Psyche
  1749 | D:9      | Reached skill level 5 in Air Magic
  1776 | D:9      | Reached XP level 10. HP: 40/69 MP: 2/18
  1808 | D:9      | Noticed a two-headed ogre
  1861 | D:10     | Entered Level 10 of the Dungeon
  1887 | D:9      | Reached ** piety under Cheibriados
  1962 | D:9      | Bought 2 potions of lignification for 66 gold pieces
  1962 | D:9      | Bought a scroll of poison for 44 gold pieces
  1962 | D:9      | Bought a scroll of magic mapping for 82 gold pieces
  2011 | D:9      | Found Itoyles's Armour Emporium.
  2012 | D:9      | Identified the +8 spear of Qetz {chaos, Fly rC+ Str+3}
  2018 | D:9      | Killed a two-headed ogre
  2019 | D:9      | Reached skill level 10 in Air Magic
  2028 | D:9      | Found Dipneps's Book Boutique.
  2060 | D:9      | Reached XP level 11. HP: 67/74 MP: 19/19
  2064 | D:10     | Found a flagged portal.
  2082 | D:10     | Reached skill level 10 in Transmutations
  2089 | D:9      | Reached *** piety under Cheibriados
  2129 | D:9      | Found a staircase to the Orcish Mines.
  2138 | Orc:1    | Entered Level 1 of the Orcish Mines
  2140 | Orc:1    | Noticed an orc high priest
  2163 | D:9      | Found Jeoxol's Book Shoppe.
  2177 | D:9      | Found Guhiot's Antique Armour Shoppe.
  2308 | D:10     | Found a hide-covered altar of Uskayaw.
  2445 | D:10     | Found a runed translucent gate.
  2446 | D:10     | Found a runed translucent gate.
  2446 | D:10     | Found a runed translucent gate.
  2446 | D:10     | Noticed a green ugly thing
  2446 | D:10     | Noticed a red ugly thing
  2447 | D:10     | Noticed a glowing orange brain
  2447 | D:10     | Noticed a red ugly thing
  2448 | D:10     | Noticed a brown ugly thing
  2448 | D:10     | Noticed a white ugly thing
  2448 | D:10     | Noticed a green ugly thing
  2456 | D:10     | a merfolk changed into a skyshark
  2456 | D:10     | Noticed a skyshark (glowing shapeshifter)
  2573 | D:11     | Reached **** piety under Cheibriados
  2598 | D:11     | Noticed a two-headed ogre
  2602 | D:11     | Killed a two-headed ogre
  2703 | D:11     | Learned a level 4 spell: Manifold Assault
  2718 | D:11     | Found a staircase to the Lair.
  2730 | Lair:1   | Entered Level 1 of the Lair of Beasts
  2743 | Lair:1   | Reached skill level 1 in Unarmed Combat
  2753 | Lair:1   | Reached XP level 12. HP: 56/81 MP: 20/20
  2769 | Lair:1   | Found a gate leading to a gauntlet.
  2776 | Gauntlet | Entered a Gauntlet
  2776 | Gauntlet | Found a transporter.
  2779 | Gauntlet | Found a transporter.
  2780 | Gauntlet | Found a transporter.
  2784 | Gauntlet | Found a transporter.
  2787 | Gauntlet | Found a transporter.
  2787 | Gauntlet | Found a transporter.
  2791 | Gauntlet | Noticed a death yak
  2791 | Gauntlet | Noticed a death yak
  2792 | Gauntlet | Noticed a death yak
  2792 | Gauntlet | Noticed a death yak
  2792 | Gauntlet | Noticed a death yak
  2792 | Gauntlet | Noticed a death yak
  2793 | Gauntlet | Noticed a necromancer
  2794 | Gauntlet | Found a transporter.
  2794 | Gauntlet | Found a transporter.
  2825 | Gauntlet | Noticed an entropy weaver
  2826 | Gauntlet | Found a transporter.
  2827 | Gauntlet | Found a transporter.
  2831 | Gauntlet | Found a transporter.
  2833 | Gauntlet | Noticed a death scarab
  2840 | Gauntlet | Noticed a death scarab
  2841 | Gauntlet | Found a transporter.
  2892 | Gauntlet | Slain by a seven-headed hydra simulacrum

Illustrated notes

Levels and vault maps discovered:
D:1:      dpeg_arrival_water_temple_mockup, layout_basic,
          dreamdust_ecumenical_altar_sealed_demon, minmay_curled_crystal,
          minmay_misc_feat_alley, minivault_4
D:2:      layout_loops_ring, basic_altar, hangedman_feature_mirror, uniq_terence
D:3:      layout_basic, supply_closet_lemuel, kennysheep_generic_room_7,
          uniq_pargi
D:4:      layout_rooms, mainiacjoe_overflow_small_starburst,
          nicolae_ru_great_annihilating_truth, uniq_robin
D:5:      layout_rooms, portal_sewer_entry_d, uniq_duvessa, uniq_ijyb
D:6:      layout_cave_pools, mainiacjoe_overflow_chevrons,
          minmay_temple_entry_enclosed_plants, palyth_stone_intersect
D:7:      layout_rooms, lemuel_round_altar, nicolae_shop_fire_sale
          [nicolae_sub_dead_trees], uniq_pikel, uniq_menkaure
D:8:      layout_loops_cross, vehumet_statue, wad_dig_loot
D:9:      layout_rooms, nicolae_yredelemnul_corpse_copse, serial_shops, shop,
          shop, nicolae_shop_advertising_works [nicolae_subvault_shop_adworks],
          shop, nicolae_shop_tiny_waterfront, hangedman_misty_isle, uniq_psyche
D:10:     layout_basic, mainiacjoe_overflow_alcove_1,
          eat_drink_and_be_merry_uskayaw, enter_bailey_5,
          ploomutoo_gammafunk_ghost_potion_laboratory, grunt_decor_resistance,
          eino_tiny_chamber
D:11:     layout_rooms, grunt_lair_entry_orc_guard_hut, uniq_maurice
Temple:   eino_temple_lava
Lair:1:   layout_misc_corridors, gauntlet_entry_generic
Orc:1:    layout_caves, serial_shops
Gauntlet: minmay_gauntlet_mixed_oops_all_seconds
          [minmay_gauntlet_arena_77_checkered, gammafunk_gauntlet_arena_crates,
          minmay_gauntlet_arena_77_broken_ladder, nicolae_gauntlet_arena_x,
          minmay_gauntlet_arena_77_box, gammafunk_gauntlet_arena_spirals,
          gauntlet_exit_hidden_loot]

Skill      XL: |  1  2  3  4  5  6  7  8  9 10 11 |
---------------+----------------------------------+-----
Spellcasting   | 3 4 5 |  5.0
Earth Magic    | 4 5 6 7 |  7.0
Conjurations   | 3 4 5 6 |  6.0
Translocations | 2 4 5 |  5.0
Transmutations | 2 5 7 9 12 | 12.0
Air Magic      | 6 10 12 | 12.9
Unarmed Combat | 2 |  2.7
Dodging        | |  2.4
Stealth        | |  1.4

Action                     |  1- 3 |  4- 6 |  7- 9 | 10-12 || total
---------------------------+-------+-------+-------+-------++-------
  Melee: Unarmed           |     1 |       |       |    13 ||    14
         Flail             |       |     3 |    23 |    30 ||    56
         Punch             |       |       |       |     1 ||     1
  Throw: Dart              |       |       |       |     4 ||     4
   Cast: Sandblast         |    24 |    27 |    85 |    68 ||   204
         Stone Arrow       |       |     4 |    70 |    80 ||   154
         Passwall          |       |       |     4 |    10 ||    14
         Blink             |       |       |     1 |       ||     1
         Storm Form        |       |       |       |     1 ||     1
Ability: Blinkbolt         |       |       |       |     2 ||     2
  Evoke: Wand              |       |       |     1 |       ||     1
    Use: Scroll            |       |       |     8 |     3 ||    11
 Armour: Robe              |     2 |     4 |       |       ||     6
         Troll leather arm |       |     4 |    55 |   114 ||   173
         Skin              |       |       |       |    13 ||    13
  Dodge: Dodged            |     8 |     6 |    71 |   113 ||   198
